 Dungeon Crawl Stone Soup version 0.20.1-1-g8b1a95d (webtiles) character file.

20196 Kjetter the Unseen (level 13, -4/82 HPs)
             Began as a Kobold Assassin on Aug 6, 2017.
             Was a Priest of Dithmenos.
             Slain by a komodo dragon (23 damage)
             ... on level 2 of the Lair of Beasts on Aug 9, 2017.
             The game lasted 01:47:06 (15678 turns).

Kjetter the Unseen (Kobold Assassin)               Turns: 15678, Time: 01:47:07

Health: -4/82      AC:  5    Str: 11    XL:     13   Next: 10%
Magic:  14/14      EV: 22    Int: 16    God:    Dithmenos [***...]
Gold:   690        SH: 10    Dex: 22    Spells: 12/12 levels left

rFire    . . .     SeeInvis .   w - +1 short sword (elec)
rCold    . . .     Gourm    .   d - +1 buckler "Umaph" {rPois Str+2}
rNeg     + . .     Faith    .   R - +2 robe {rN+}
rPois    +         Spirit   .   G - +0 helmet {Int+3}
rElec    .         Reflect  +   (no cloak)
rCorr    .         Harm     .   (no gloves)
MR       .....                  (no boots)
Stlth    +++++++++.             O - +4 amulet of reflection
Regen    0.3/turn               q - +1 ring of evasion
MPRegen  0.2/turn               M - +2 ring of dexterity

@: wreathed by umbra
A: carnivore 3
a: Shadow Step, Renounce Religion


You were on level 2 of the Lair of Beasts.
You worshipped Dithmenos.
Dithmenos was most pleased with you.
You were completely stuffed.

You visited 4 branches of the dungeon, and saw 13 of its levels.
You also visited: Labyrinth and Ossuary.

You collected 690 gold pieces.

Inventory:

Hand Weapons
 a - a +0 dagger of venom
 b - a +0 blowgun
 h - a +1 rapier of venom
 w - a +1 short sword of electrocution (weapon)
 B - a +1 short sword of distortion
Missiles
 e - 23 poisoned needles
 f - 10 curare-tipped needles
 r - a throwing net
 Q - 29 stones (quivered)
 V - 4 tomahawks
Armour
 d - the +1 buckler "Umaph" (worn) {rPois Str+2}
   (You found it on level 2 of the Lair of Beasts)

   It affects your strength (+2).
   It protects you from poison.
 k - a +0 pair of gloves
 C - a +1 robe of magic resistance
 G - a +0 helmet of intelligence (worn)
 R - a +2 robe of positive energy (worn)
Jewellery
 q - a +1 ring of evasion (left hand)
 t - an uncursed ring of see invisible
 M - a +2 ring of dexterity (right hand)
 O - a +4 amulet of reflection (around neck)
Wands
 c - a wand of polymorph (9/24)
 j - a wand of lightning (5/15)
 v - a wand of paralysis (5/24)
 y - a wand of lightning (7/15)
 S - a wand of acid (4/15)
 Z - a wand of iceblast (6/15)
Scrolls
 i - a scroll of fear {unknown}
 n - 5 scrolls of remove curse
 o - 4 scrolls of enchant armour
 p - 6 scrolls of teleportation
 z - 2 scrolls of fog
 A - a scroll of immolation {unknown}
 E - 3 scrolls of magic mapping
 F - a scroll of noise {unknown}
 I - a scroll of amnesia {unknown}
 J - a scroll of enchant weapon {unknown}
 N - a scroll of blinking {unknown}
 P - a scroll of summoning {unknown}
 W - a scroll of torment {unknown}
Potions
 l - 2 potions of haste
 u - a potion of cancellation {unknown}
 H - 3 potions of invisibility
 K - 3 potions of flight
 L - a potion of brilliance {unknown}
 T - 2 potions of lignification
 X - a potion of might {unknown}
Comestibles
 g - 9 meat rations
 m - 15 royal jellies


   Skills:
 * Level 10.3 Fighting
 + Level 11.4 Short Blades
 + Level 7.3 Throwing
 + Level 8.0 Dodging
 * Level 18.5 Stealth
 * Level 2.1 Invocations
 + Level 0.2 Evocations


You had 12 spell levels left.
You didn't know any spells.

Dungeon Overview and Level Annotations

Branches:
Dungeon (8/15)             Temple (1/1) D:5            Lair (3/6) D:8
 Spider (1/4) Lair:2
  Swamp: Lair:2-4    Shoals: Lair:2-4

Altars:
Ashenzari
Cheibriados
Dithmenos
Elyvilon
Fedhas
Gozag
Hepliaklqana
Kikubaaqudgha
Makhleb
Nemelex Xobeh
Okawaru
Qazlal
Ru
Sif Muna
Trog
Uskayaw
Vehumet
Xom
Yredelemnul
Zin
The Shining One

Annotations:
D:8 Items


Innate Abilities, Weirdness & Mutations

You are small and have problems with some larger weapons.
You are carnivorous and can eat meat at any time.


Message History

an uncursed ring of magical power; 2 amethyst potions Your extra speed is starting to run out.
You feel yourself slow down.
The komodo dragon hisses angrily.
You hit the komodo dragon.
Lightning courses through the komodo dragon!
The komodo dragon is moderately wounded.
You block the komodo dragon's attack.
You hit the komodo dragon.
Lightning courses through the komodo dragon!
The komodo dragon is severely wounded.
You hit the komodo dragon.
The komodo dragon is severely wounded.
The komodo dragon misses you.
You hit the komodo dragon but do no damage.
The komodo dragon is severely wounded.
You hit the komodo dragon.
The komodo dragon is almost dead.
The komodo dragon bites you!!
You die...

...............#.#.#.............
...#.####..#..P#.##.......##.P.#.
...(.................#.#..##..###
.#.........####P.....###......# #
.....#####P# ##.##..###.#.P..###
....## ########..##.....##P..##%
....# ##..#.##P..####.###....###
.#.## #.........#.# #.# ##...###
.#.## ##..###..@.####.###.#...#.
....## #.## ###lP###.........###
.....####.## #............#.##P.
....###....#####.###.............
.[.......P........##...........#.
##..#.##P###.....##..........####
##..###### ##..P.#..†.......##
#P..# ##...##.........# ....# ###
#.#.###.......##


You could see a komodo dragon.

Vanquished Creatures
  Gastronok (Lair:2)
  A minotaur (Lab)
  A hydra (Lair:3)
  Erica (D:8)
  2 two-headed ogres (D:8)
  Nergalle (Lair:2)
  A black mamba (Lair:1)
  Joseph (D:8)
  6 spiny frogs
  A rime drake (Lair:3)
  2 komodo dragons (Lair:3)
  A jumping spider (Spider:1)
  10 blink frogs
  A slime creature (Lair:2)
  5 hippogriffs
  Eustachio (D:5)
  5 redbacks
  2 wyverns
  3 basilisks
  A hungry ghost (D:8)
  5 swamp worms
  2 soldier ants (D:8)
  8 water moccasins
  2 orc warriors
  2 black bears
  5 porcupines
  A sky beast (D:5)
  2 ice beasts
  A phantom (D:7)
  3 eyes of draining (D:4)
  2 centaurs
  2 ogres
  7 crocodiles
  7 bullfrogs
  A wyvern zombie (D:7)
  7 scorpions
  4 howler monkeys
  2 crimson imps
  4 bullfrog zombies
  5 hounds
  10 jellies (Lair:2)
  A centaur zombie (Ossuary)
  An orc priest (D:5)
  A centaur skeleton (D:4)
  Jessica (D:3)
  2 iguanas
  6 orc wizards
  8 worker ants
  2 hound zombies (Ossuary)
  2 hound skeletons (D:8)
  15 mummies
  5 worker ant zombies (Ossuary)
  3 howler monkey zombies
  2 gnolls (D:4)
  A howler monkey skeleton (D:5)
  6 adders
  A shadow imp (D:3)
  10 oozes (Lair:2)
  3 adder zombies (Ossuary)
  13 worms
  3 dart slugs
  3 leopard geckos
  18 orcs
  7 giant cockroaches
  11 goblins
  9 hobgoblins
  4 jackals (D:3)
  8 kobolds
  5 quokkas
  7 bats
  2 frilled lizards
  2 hobgoblin zombies (D:5)
  A leopard gecko skeleton (D:7)
  2 leopard gecko zombies
  A quokka skeleton (D:5)
  2 quokka zombies (Ossuary)
  10 rats
  3 fungi
310 creatures vanquished.

Vanquished Creatures (others)
  15 fungi
  8 plants
  2 withered plants (Ossuary)
25 creatures vanquished.

Grand Total: 335 creatures vanquished

Notes
Turn   | Place    | Note
-------+----------+-------------------------------------------
     0 | D:1      | Kjetter the Kobold Assassin began the quest for the Orb.
     0 | D:1      | Reached XP level 1. HP: 12/12 MP: 1/1
   119 | D:1      | Reached XP level 2. HP: 17/18 MP: 2/2
   654 | D:2      | Reached XP level 3. HP: 22/22 MP: 3/3
   663 | D:2      | Found an opulent altar of Gozag.
   689 | D:2      | Found a hazy altar of Hepliaklqana.
   840 | D:2      | Reached skill level 6 in Stealth
  1122 | D:2      | Reached XP level 4. HP: 17/27 MP: 4/4
  1359 | D:2      | Paralysed by a goblin for 7 turns
  1622 | D:3      | Noticed Jessica
  1638 | D:3      | Killed Jessica
  1638 | D:3      | Reached XP level 5. HP: 32/32 MP: 5/5
  1777 | D:3      | Reached skill level 7 in Stealth
  2428 | D:4      | Reached XP level 6. HP: 10/37 MP: 6/6
  2708 | D:4      | You fall through a shaft for 3 floors!
  2818 | D:7      | Noticed a phantom
  2835 | D:7      | Killed a phantom
  2835 | D:7      | Reached skill level 8 in Stealth
  2837 | D:7      | Noticed an ogre
  2841 | D:7      | Killed an ogre
  2841 | D:7      | Reached XP level 7. HP: 42/42 MP: 7/7
  3069 | D:7      | Noticed a water moccasin
  3080 | D:7      | Killed a water moccasin
  3187 | D:7      | HP: 2/43 [bullfrog (7)]
  3192 | D:7      | Reached skill level 5 in Short Blades
  3192 | D:7      | Reached skill level 9 in Stealth
  3511 | D:7      | Reached XP level 8. HP: 33/48 MP: 8/8
  3838 | D:5      | Entered Level 5 of the Dungeon
  4017 | D:5      | Found a staircase to the Ecumenical Temple.
  4017 | D:5      | Noticed Eustachio
  4022 | D:5      | Killed Eustachio
  4031 | D:5      | Found a shattered altar of Ashenzari.
  4104 | D:5      | Found a sand-covered staircase.
  4109 | Ossuary  | Entered an ossuary
  4265 | Ossuary  | Reached skill level 5 in Fighting
  4265 | Ossuary  | Reached skill level 10 in Stealth
  4506 | Ossuary  | Reached XP level 9. HP: 46/54 MP: 9/9
  4787 | Ossuary  | Reached skill level 5 in Dodging
  5141 | Ossuary  | Reached skill level 5 in Throwing
  5773 | Temple   | Entered the Ecumenical Temple
  6055 | Temple   | Became a worshipper of Dithmenos the Shadowed
  6666 | D:4      | Reached skill level 11 in Stealth
  6900 | D:4      | Found a bloodstained altar of Trog.
  7156 | D:6      | Reached * piety under Dithmenos
  7520 | D:6      | Reached XP level 10. HP: 60/60 MP: 10/10
  7662 | D:7      | Reached skill level 12 in Stealth
  7797 | D:8      | Noticed a two-headed ogre
  7820 | D:8      | Noticed Erica
  7828 | D:8      | Killed Erica
  7828 | D:8      | Reached skill level 13 in Stealth
  7939 | D:8      | Killed a two-headed ogre
  7939 | D:8      | Reached skill level 14 in Stealth
  8223 | D:8      | Noticed a two-headed ogre
  8228 | D:8      | Killed a two-headed ogre
  8228 | D:8      | Reached skill level 15 in Stealth
  8228 | D:8      | Reached XP level 11. HP: 67/67 MP: 11/11
  8305 | D:8      | Found a burning altar of Makhleb.
  8334 | D:8      | Noticed Joseph
  8556 | D:8      | Killed Joseph
  8707 | D:8      | Found a staircase to the Lair.
  8888 | Lair:1   | Entered Level 1 of the Lair of Beasts
  9222 | Lair:1   | Reached ** piety under Dithmenos
  9222 | Lair:1   | Reached skill level 16 in Stealth
  9443 | Lair:1   | Reached skill level 10 in Short Blades
  9982 | Lair:2   | Found a labyrinth entrance.
  9988 | Lab      | Entered a labyrinth
 10514 | Lab      | Noticed a minotaur
 10573 | Lab      | Killed a minotaur
 11142 | Lair:2   | Noticed Gastronok
 11153 | Lair:2   | Killed Gastronok
 11153 | Lair:2   | Reached XP level 12. HP: 68/76 MP: 12/12
 11175 | Lair:2   | Reached skill level 17 in Stealth
 11210 | Lair:2   | Got a faintly glowing buckler
 11216 | Lair:2   | Identified the +1 buckler "Umaph" {rPois Str+2} (You found it on level 2 of the Lair of Beasts)
 11533 | Lair:2   | Noticed Nergalle
 11534 | Lair:2   | Found a hole to the Spider Nest.
 11540 | Lair:2   | Killed Nergalle
 11685 | Spider:1 | Entered Level 1 of the Spider Nest
 12943 | Lair:3   | Reached *** piety under Dithmenos
 13207 | Lair:3   | Noticed a four-headed hydra
 13214 | Lair:3   | Killed a four-headed hydra
 13214 | Lair:3   | Reached skill level 18 in Stealth
 13904 | Lair:2   | Reached skill level 10 in Fighting
 14753 | Lair:2   | Reached skill level 1 in Invocations
 14912 | Lair:2   | Reached XP level 13. HP: 32/82 MP: 12/14
 15678 | Lair:2   | Slain by a komodo dragon

Skill      XL: |  1  2  3  4  5  6  7  8  9 10 11 12 13 |
---------------+----------------------------------------+-----
Short Blades   | 3 4 5 6 8 9 10 11 | 11.4
Stealth        | 6 7 8 9 10 11 15 16 18 | 18.5
Dodging        | 2 3 4 5 6 7 8 |  8.0
Fighting       | 3 4 5 6 7 9 10 | 10.3
Throwing       | 3 4 5 6 7 |  7.3
Invocations    | 1 2 |  2.1
Evocations     | |  0.2

Action                   |  1- 3 |  4- 6 |  7- 9 | 10-12 | 13-15 || total
-------------------------+-------+-------+-------+-------+-------++-------
Melee: Dagger            |    66 |   141 |    32 |     3 |       ||   242
       Short sword       |       |     3 |   390 |   514 |    49 ||   956
 Fire: Blowgun           |       |    12 |     9 |    12 |       ||    33
Throw: Stone             |    41 |    33 |   110 |    24 |     4 ||   212
       Tomahawk          |       |       |       |    22 |       ||    22
       Throwing net      |       |       |       |     1 |       ||     1
Invok: Shadow Step       |       |       |       |     2 |     1 ||     3
Evoke: Phantom mirror    |       |       |       |     1 |       ||     1
  Use: Scroll            |       |       |     3 |    14 |       ||    17
       Potion            |       |       |       |    12 |     1 ||    13
 Stab: Sleeping          |     6 |    11 |    15 |    36 |     3 ||    71
       Distracted        |       |       |     2 |     3 |       ||     5
       Held in net/web   |       |       |       |     2 |       ||     2
  Eat: Chunk             |     5 |     9 |     8 |    17 |    11 ||    50
       Meat ration       |       |       |     1 |       |       ||     1
Armor: Robe              |     6 |     5 |    34 |    16 |       ||    61
Dodge: Dodged            |    36 |    80 |   200 |   208 |    20 ||   544
Block: Other             |       |       |       |    12 |       ||    12
       Buckler           |       |       |       |    68 |    12 ||    80
